 Dungeon Crawl Stone Soup version 0.31.0-2-g5a2aebc5c2 (webtiles) character file.

Game seed: 14587240690517362113

380 gelatine the Covered (level 6, -2/52 HPs)
             Began as a Demonspawn Fighter on Jan 20, 2024.
             Slain by an orc warrior
             ... wielding a +0 battleaxe
              (7 damage)
             ... on level 5 of the Dungeon.
             The game lasted 00:07:44 (2950 turns).

gelatine the Covered (Demonspawn Fighter)           Turns: 2950, Time: 00:07:45

Health: -2/52      AC:  8    Str: 17 (19) XL:     6   Next: 46%
Magic:  6/6        EV: 11    Int:  9 (10) God:
Gold:   306        SH:  8    Dex: 12      Spells: 5/5 levels left

rFire   + . .        i - +1 hand axe (freeze)
rCold   + . .        c - +0 buckler
rNeg    + . .        q - +1 leather armour "Teucoqao" {rElec rC+ Int+2 Stlth+}
rPois   .            l - +2 hat
rElec   +            (no cloak)
rCorr   .            (no gloves)
SInv    .            (no boots)
Will    .....        (no amulet)
Stlth   ++           o - ring of positive energy
HPRegen 0.28/turn    p - ring of protection from fire
MPRegen 0.20/turn

%: no passive effects
@: mighty, about to teleport
A: yellow scales 1, magic regeneration, condensation shield, demonic touch 1,
robust 1
a: no special abilities


You were on level 5 of the Dungeon.
You visited 2 branches of the dungeon, and saw 6 of its levels.

You collected 306 gold pieces.

Inventory:

Hand Weapons
 a - a +0 war axe
 i - a +1 hand axe of freezing (weapon)
Missiles
 s - 6 silver javelins (quivered)
Armour
 c - a +0 buckler (worn)
 l - a +2 hat (worn)
 q - the +1 leather armour "Teucoqao" (worn) {rElec rC+ Int+2 Stlth+}
   (You found it on level 4 of the Dungeon)

   Int+2:     It affects your intelligence (+2).
   rC+:       It protects you from cold.
   rElec:     It insulates you from electricity.
   Stlth+:    It makes you more stealthy.
Jewellery
 o - a ring of positive energy (left hand)
 p - a ring of protection from fire (right hand)
Wands
 r - a wand of iceblast (12)
Scrolls
 b - a scroll of fog {unknown}
 f - a scroll of revelation
 h - a scroll of immolation
 k - 3 scrolls of teleportation
 m - 3 scrolls of brand weapon {unknown}
 t - a scroll of summoning {unknown}
Potions
 d - a potion of enlightenment
 e - 2 potions of magic
 g - a potion of resistance
 n - a potion of mutation


   Skills:
 + Level 3.7 Fighting
 + Level 3.5 Axes
 + Level 4.2 Armour
 * Level 2.3 Dodging
 + Level 0.8 Stealth
 + Level 3.4 Shields


You had 5 spell levels left.
You didn't know any spells.
Your spell library was empty.

Dungeon Overview and Level Annotations

Branches:
Dungeon (5/15)             Temple (1/1) D:4

Altars:
Ashenzari
Gozag
Kikubaaqudgha
Makhleb
Nemelex Xobeh
Okawaru
Ru
Sif Muna
Trog
Uskayaw
Vehumet
Wu Jian
Xom
Yredelemnul


Innate Abilities, Weirdness & Mutations

You are partially covered in yellow scales. (AC +2)
You regenerate magic rapidly.
A meltable shield of frost defends you. (SH +4)
Your touch may inflict minor irresistible damage on your foes.
You are robust. (+10% HP)


Message History

You feel very mighty all of a sudden. The orc warrior barely misses you.
The orc misses you.
You barely miss the orc warrior.
The orc warrior is lightly wounded.
You hit the orc. You freeze the orc.
You kill the orc!
The orc warrior hits you with a +0 battleaxe!
You closely miss the orc warrior.
The orc warrior is lightly wounded.
You block the orc warrior's attack.
You hit the orc warrior but do no damage.
The orc warrior is lightly wounded.
The orc warrior hits you with a +0 battleaxe!
The orc warrior barely misses you.
Unknown command.
You barely miss the orc warrior.
The orc warrior is lightly wounded.
You block the orc warrior's attack.
You closely miss the orc warrior.
The orc warrior is lightly wounded.
The orc warrior hits you with a +0 battleaxe!
* * * LOW HITPOINT WARNING * * *
You closely miss the orc warrior.
The orc warrior is lightly wounded.
The orc warrior closely misses you.
Okay, then.
As you read the scroll labelled DOGHUZ KUTOQASH, it crumbles to dust.
You feel strangely unstable.
It was a scroll of teleportation.
The orc warrior barely misses you.
You hit the orc warrior. You freeze the orc warrior.
The orc warrior is moderately wounded.
The orc warrior hits you with a +0 battleaxe.
* * * LOW HITPOINT WARNING * * *
You slash the orc warrior! You freeze the orc warrior.
The orc warrior is severely wounded.
You block the orc warrior's attack. The orc warrior barely misses you.
You hit the orc warrior. You freeze the orc warrior.
The orc warrior is almost dead.
The orc warrior hits you with a +0 battleaxe!
You die...

################## ###
#..........$......
..#####.......).@o...#
..'...#..###########'#
..###.#..# .†##.....#
##.......# #.#######
#.# ##.# ...########


You could see an orc warrior.

Vanquished Creatures
  A scorpion (D:5)
  A bombardier beetle (D:5)
  An orc priest (D:5)
  A sleepcap (D:4)
  2 orc wizards (D:3)
  Ijyb (D:4)
  4 gnolls
  3 adders
  2 ufetubi (D:5)
  A dart slug (D:3)
  2 ribbon worms
  7 orcs
  5 endoplasms
  3 giant cockroaches
  7 goblins
  5 hobgoblins
  3 jackals (D:4)
  A quokka (D:2)
  8 ball pythons
  4 bats
  4 frilled lizards
  9 kobolds
  7 rats
82 creatures vanquished.

Notes
Turn   | Place    | Note
-------+----------+-------------------------------------------
     0 | D:1      | gelatine the Demonspawn Fighter began the quest for the
                  | Orb.
     0 | D:1      | Reached XP level 1. HP: 18/18 MP: 1/1
   298 | D:1      | Gained mutation: A meltable shield of frost defends you.
                  | (SH +4) [demonic ancestry]
   298 | D:1      | Reached XP level 2. HP: 24/24 MP: 2/2
   387 | D:1      | Found a faded altar of an unknown god.
   679 | D:2      | Reached skill level 3 in Armour
   740 | D:2      | Gained mutation: Your touch may inflict minor irresistible
                  | damage on your foes. [demonic ancestry]
   740 | D:2      | Reached XP level 3. HP: 29/29 MP: 3/3
  1097 | D:3      | Reached skill level 1 in Dodging
  1097 | D:3      | Reached XP level 4. HP: 34/35 MP: 4/4
  1098 | D:3      | Found a radiant altar of Vehumet.
  1098 | D:3      | Found a sparkling altar of Nemelex Xobeh.
  1102 | D:3      | Found a shimmering blue altar of Sif Muna.
  1371 | D:3      | HP: 1/35 [something/puff of flame (3)]
  1372 | D:3      | Gained mutation: You are robust. (+10% HP) [potion of
                  | mutation]
  1377 | D:3      | HP: 2/57 [something (1)]
  2029 | D:4      | Gained mutation: You are partially covered in yellow
                  | scales. (AC +2) [demonic ancestry]
  2029 | D:4      | Reached XP level 5. HP: 45/45 MP: 5/5
  2089 | D:4      | Found a staircase to the Ecumenical Temple.
  2120 | Temple   | Entered the Ecumenical Temple
  2254 | D:4      | Identified the +1 leather armour "Teucoqao" {rElec rC+
                  | Int+2 Stlth+}
  2305 | D:4      | Noticed Ijyb
  2321 | D:4      | Killed Ijyb
  2322 | D:4      | Reached skill level 4 in Armour
  2504 | D:5      | Entered Level 5 of the Dungeon
  2735 | D:5      | Gained mutation: You regenerate magic rapidly. [demonic
                  | ancestry]
  2735 | D:5      | Reached XP level 6. HP: 29/51 MP: 6/6
  2929 | D:5      | Noticed an orc warrior
  2950 | D:5      | Slain by an orc warrior

Illustrated notes

Levels and vault maps discovered:
D:1:      scummos_arrival_checkerplants, layout_loops_ring,
          chequers_ecumenical_altar_simple_redux, minmay_strange_pillars,
          minmay_gold_behind_fungi, minmay_misc_feat_four_crosses
D:2:      layout_rooms
D:3:      layout_basic, chequers_temple_overflow_statue_of_worship,
          chequers_serial_rivers_large_b, nicolae_elevator_lobby_asterisk
D:4:      layout_rooms, minmay_temple_entry_sparse_star, minivault_25,
          hangedman_decor_opposing, uniq_ijyb
D:5:      layout_basic
Temple:   nicolae_temple_bog_church

Skill      XL: |  1  2  3  4  5 |
---------------+----------------+-----
Armour         | 3 4 |  4.2
Axes           | 2 3 |  3.5
Shields        | 3 |  3.4
Dodging        | 1 2 |  2.3
Fighting       | |  3.7
Stealth        | |  0.8

Action                     |  1- 3 |  4- 6 || total
---------------------------+-------+-------++-------
  Melee: War axe           |    18 |       ||    18
         Hand axe          |    93 |   158 ||   251
    Use: Potion            |       |     5 ||     5
         Scroll            |       |     6 ||     6
   Stab: Sleeping          |       |     1 ||     1
 Armour: Scale mail        |    63 |    55 ||   118
         Skin              |       |     6 ||     6
         Leather armour    |       |    36 ||    36
  Dodge: Dodged            |    50 |    84 ||   134
  Block: Buckler           |    32 |    76 ||   108
